 Dungeon Crawl Stone Soup version 0.30-a0-702-gdf48620a09 (webtiles) character file.

Game seed: 6880899559511509026

3854 HoaS the Grappler (level 9, -7/63 (67) HPs)
             Began as a Demigod Gladiator on Jan 21, 2023.
             Hit by a large rock thrown by a cyclops (23 damage)
             ... on level 11 of the Dungeon.
             The game lasted 00:23:57 (9586 turns).

HoaS the Grappler (Demigod Gladiator)               Turns: 9586, Time: 00:23:58

HP:   -7/63 (67)    AC: 19    Str: 27    XL:     9   Next: 67%
MP:   11/11         EV:  8    Int: 12    God:
Gold: 1422          SH:  0    Dex: 21    Spells: 8/8 levels left

rFire   . . .      SeeInvis .      - Unarmed
rCold   + . .      Faith    .    (no shield)
rNeg    . . .      Spirit   .    z - +1 plate armour of Words of Power {rC+ Int+2}
rPois   .          Reflect  .    b - +1 helmet
rElec   .          Harm     .    l - +0 cloak
rCorr   .          Rampage  .    m - +0 pair of gloves
Will    .....                    (no boots) Stlth
                                 (no amulet)
HPRegen 0.30/turn                e - +4 ring of protection
MPRegen 0.12/turn                n - +6 ring of dexterity

@: drained
A: high MP 1, forlorn, divine attributes
a: no special abilities


You were on level 11 of the Dungeon.
You visited 1 branch of the dungeon, and saw 9 of its levels.

You collected 1422 gold pieces.

Inventory:

Missiles
 c - 2 throwing nets
 f - 3 silver boomerangs
 q - 30 poisoned darts
 x - 4 datura-tipped darts
 y - 10 boomerangs (quivered)
Armour
 b - a +1 helmet (worn)
 l - a +0 cloak (worn)
 m - a +0 pair of gloves (worn)
 z - the +1 plate armour of Words of Power (worn) {rC+ Int+2}
   (You found it on level 5 of the Dungeon)

   Int:       It affects your intelligence (+2).
   rC:        It protects you from cold.
Jewellery
 e - a +4 ring of protection (left hand)
 g - a ring of protection from cold
 n - a +6 ring of dexterity (right hand)
Wands
 o - a wand of flame (20)
 u - a wand of digging (5)
Scrolls
 d - 2 scrolls of identify
 s - a scroll of teleportation
 v - a scroll of blinking
Potions
 a - 3 potions of ambrosia
 h - 6 potions of curing
 i - a potion of resistance
 k - a potion of invisibility
 p - a potion of mutation
 r - a potion of attraction
 t - 2 potions of flight


   Skills:
 - Level 1.7 Fighting
 - Level 1.7 Throwing
 - Level 2.6 Dodging
 + Level 13.3 Unarmed Combat


You had 8 spell levels left.
You didn't know any spells.
Your spell library contained the following spells:

 Spells                   Type           Power      Damage    Failure   Level
 Static Discharge         Conj/Air       0%         2-2/arc   100%        2
 Dazzling Flash           Conj/Hex       0%         N/A       100%        3
 Gell's Gravitas          Tloc           0%         N/A       100%        3
 Teleport Other           Tloc           0%         N/A       100%        3
 Tukima's Dance           Hex            0%         N/A       100%        3
 Vhi's Electric Charge    Tloc/Air       0%         N/A       100%        3
 Passage of Golubria      Tloc           0%         N/A       100%        4
 Agony                    Necr           0%         N/A       100%        5
 Arcjolt                  Conj/Air       0%         1d10      100%        5
 Lightning Bolt           Conj/Air       0%         1d11      100%        5
 Silence                  Hex/Air        0%         N/A       100%        5
 Yara's Violent Unravell  Hex/Tmut       0%         3d3       100%        5
 Dispersal                Tloc           0%         N/A       100%        6


Dungeon Overview and Level Annotations

Branches:
Dungeon (8/15)             Temple (0/1) D:7
   Lair: D:8-11

Annotations:
D:5 1 runed translucent door, zero's ghost, novice GrEE


Innate Abilities, Weirdness & Mutations

You have an increased reservoir of magic. (+10% MP)
You shall have no god before yourself.
Your divine heritage dramatically boosts your attributes as you level up.


Message History

You fall into a shaft and drop 3 floors!
The shaft crumbles and collapses.
You open the large door.
An orc sorcerer, a tengu conjurer, a deep elf pyromancer and a kobold demonologist come into view.
The orc sorcerer shouts!
The tengu conjurer shouts!
The deep elf pyromancer shouts!
The orc sorcerer gestures at you while chanting.
The bolt of negative energy hits you!!
You feel drained.
Ouch! That really hurt!
The deep elf pyromancer mumbles some strange words.
The deep elf pyromancer blinks!
The tengu conjurer gestures at you while chanting.
The bolt of lightning hits you!
* * * LOW HITPOINT WARNING * * *
The kobold demonologist looks braver for a moment.
The deep elf pyromancer moves out of view.
You hear a shout! x3
As you read the scroll of fog, it crumbles to dust.
The scroll dissolves into smoke.
As you read the scroll of teleportation, it crumbles to dust.
You feel strangely unstable.
A kobold demonologist opens the large door.
A wizard comes into view. It is wielding a +0 dagger.
Found 22 gold pieces.
Found a shimmering blue altar of Sif Muna.
A tengu conjurer comes into view.
Found a scroll of identify.
The wizard mumbles some strange words.
The wizard flickers and vanishes!
Deactivating autopickup; reactivate with Ctrl-A.
There is a large open door here.
Your surroundings suddenly seem different.
A two-headed ogre comes into view. It is wielding two +0 giant clubs.
Found a stone staircase leading up.
The two-headed ogre shouts in stereo!
You hear a shout!
A cyclops comes into view.
Found 9 stones.
Found a stone staircase leading down.
The cyclops throws a large rock.
The large rock hits you!!
You die...

......> .
##........ .#
.... ..... #.#
.#...#...###.(#
...C.#.#......
.........#..#
#........<.#
........@#
.#.O..#..#
.........######
##.............
#.......######
###......#
#.#..#..#
...#####..#
#### #...


You could see a two-headed ogre and a cyclops.

Vanquished Creatures
  2 hornets
  A wyvern (D:7)
  4 vampire mosquitoes (D:7)
  2 orc warriors
  2 sky beasts (D:7)
  2 black bears
  2 ice beasts
  4 ogres
  2 centaurs (D:5)
  A kobold brigand (D:7)
  A bullfrog (D:7)
  Blork the orc (D:3)
  2 necrophages
  3 electric eels (D:7)
  3 howler monkeys (D:7)
  A crimson imp (D:3)
  2 jellies
  6 hounds
  A gnoll bouda (D:4)
  4 orc priests
  3 iguanas
  Natasha (thrice) (D:2)
  6 orc wizards
  3 gnolls (D:4)
  13 adders
  2 ufetubi
  2 dart slugs
  28 orcs
  10 ball pythons
  11 bats
  4 endoplasms
  3 giant cockroaches
  6 goblins
  6 hobgoblins
  9 jackals
  4 quokkas
  2 frilled lizards (D:1)
  11 kobolds
  8 rats
180 creatures vanquished.

Vanquished Creatures (others)
  14 plants (D:7)
14 creatures vanquished.

Grand Total: 194 creatures vanquished

Notes
Turn   | Place    | Note
-------+----------+-------------------------------------------
     0 | D:1      | HoaS the Demigod Gladiator began the quest for the Orb.
     0 | D:1      | Reached XP level 1. HP: 17/17 MP: 3/3
   183 | D:1      | Reached skill level 3 in Unarmed Combat
   304 | D:1      | Reached XP level 2. HP: 24/24 MP: 4/4
   899 | D:2      | Identified a scroll of acquirement
   899 | D:2      | Acquired 1068 gold pieces
  1042 | D:2      | Noticed Natasha
  1059 | D:2      | Killed Natasha
  1060 | D:2      | Reached skill level 4 in Unarmed Combat
  1060 | D:2      | Reached XP level 3. HP: 8/29 MP: 5/5
  1296 | D:2      | Reached XP level 4. HP: 36/36 MP: 6/6
  1480 | D:2      | Noticed Natasha
  1527 | D:2      | Killed Natasha
  1528 | D:2      | Reached skill level 5 in Unarmed Combat
  1774 | D:2      | Noticed Natasha
  1789 | D:2      | Killed Natasha
  1969 | D:3      | Noticed an ice beast
  2005 | D:3      | Killed an ice beast
  2006 | D:3      | Reached skill level 6 in Unarmed Combat
  2006 | D:3      | Reached XP level 5. HP: 28/41 MP: 7/7
  2791 | D:3      | Reached XP level 6. HP: 9/43 MP: 8/8
  3656 | D:4      | Reached skill level 7 in Unarmed Combat
  3734 | D:4      | Noticed Blork the orc
  3962 | D:3      | Killed Blork the orc
  4172 | D:4      | Reached XP level 7. HP: 49/53 MP: 9/9
  4563 | D:4      | Reached skill level 8 in Unarmed Combat
  5081 | D:5      | Entered Level 5 of the Dungeon
  5480 | D:5      | Found a runed translucent door.
  5486 | D:5      | Noticed zero's ghost (novice GrEE)
  5737 | D:5      | Reached skill level 9 in Unarmed Combat
  5871 | D:5      | Reached XP level 8. HP: 59/60 MP: 10/10
  6011 | D:5      | Identified the +1 plate armour of Words of Power {rC+
                  | Int+2}
  6456 | D:5      | Reached skill level 10 in Unarmed Combat
  6581 | D:6      | Identified the +3 robe of Efuud {rC++}
  7483 | D:7      | Reached skill level 11 in Unarmed Combat
  7746 | D:7      | Reached XP level 9. HP: 18/67 MP: 11/11
  8310 | D:7      | Reached skill level 12 in Unarmed Combat
  8370 | D:7      | Found a staircase to the Ecumenical Temple.
  8942 | D:7      | Reached skill level 13 in Unarmed Combat
  9577 | D:8      | You fall into a shaft and drop 3 floors!
  9578 | D:11     | Noticed an orc sorcerer
  9578 | D:11     | Noticed a tengu conjurer
  9578 | D:11     | Noticed a deep elf pyromancer
  9578 | D:11     | Noticed a kobold demonologist
  9581 | D:11     | Noticed a wizard
  9582 | D:11     | Noticed a kobold demonologist
  9582 | D:11     | Noticed a tengu conjurer
  9583 | D:11     | Noticed a two-headed ogre
  9583 | D:11     | Noticed a cyclops
  9586 | D:11     | Hit by a large rock thrown by a cyclops

Illustrated notes

Levels and vault maps discovered:
D:1:      elethiomel_arrival_shortcut, layout_rooms, minmay_small_reverse_x
D:2:      layout_basic, uniq_natasha
D:3:      layout_basic, grunt_temple_overflow_champion_of_chaos,
          mainiacjoe_overflow_paths, dk_noncrumbling_4, minmay_between
D:4:      layout_layer_cave, nicolae_uskayaw_dance_hall,
          nicolae_overflow_hidden_temple, grunt_ministairs_3,
          kennysheep_generic_room_8, uniq_blork_the_orc
D:5:      layout_loops_ring, ebering_ghost_reflecting_pool
D:6:      layout_cave_pods
D:7:      layout_loops_corners, minmay_temple_entry_waves, serial_glass,
          glass_columns_b, glass_columns_b, glass_columns_b, glass_columns_b,
          glass_columns_b, glass_columns_c, glass_columns_a, glass_columns_c,
          serial_bayou_lagoon_a
D:8:      layout_loops_corners
D:11:     evilmike_library_of_no_secrets, layout_rooms,
          kennysheep_generic_room_15

Skill      XL: |  1  2  3  4  5  6  7  8  9 |
---------------+----------------------------+-----
Unarmed Combat | 3 4 6 7 9 11 13 | 13.3
Fighting       | |  1.7
Throwing       | |  1.7
Dodging        | |  2.6

Action                   |  1- 3 |  4- 6 |  7- 9 || total
-------------------------+-------+-------+-------++-------
Melee: Unarmed           |   152 |   219 |   291 ||   662
       Punch             |     3 |     6 |    12 ||    21
Throw: Throwing net      |       |     3 |     1 ||     4
       Javelin           |       |     1 |     2 ||     3
       Dart              |       |       |     5 ||     5
       Boomerang         |       |       |     3 ||     3
Evoke: Wand              |       |     1 |       ||     1
  Use: Scroll            |     7 |     7 |    13 ||    27
       Potion            |       |       |     2 ||     2
 Stab: Held in net/web   |       |     3 |       ||     3
Armor: Leather armour    |    32 |       |       ||    32
       Ring mail         |    39 |       |       ||    39
       Scale mail        |       |   104 |    30 ||   134
       Plate armour      |       |       |    86 ||    86
Dodge: Dodged            |   106 |    82 |   117 ||   305

Table legend: (Time is in decaauts)
 A = Elapsed time spent in this place.
 B = Non-inter-level travel time spent in this place.
 C = Inter-level travel time spent in this place.
 D = Time resting spent in this place.
 E = Time spent auto-exploring this place.
 F = Levels seen in this place.
 G = Mean time per level.
                   A        B        C        D        E       F      G
               +--------+--------+--------+--------+--------+-----+--------+
         Total |   9575 |   9298 |    277 |   2481 |   4823 |   9 | 1063.9 |
       Dungeon |   9575 |   9298 |    277 |   2481 |   4823 |   9 | 1063.9 |
               +--------+--------+--------+--------+--------+-----+--------+

Top non-repeatable levels by time:
     D:7: 1904 daAuts
     D:3: 1709 daAuts
     D:4: 1668 daAuts
     D:5: 1211 daAuts
     D:2: 1202 daAuts
     D:6: 879 daAuts
     D:1: 785 daAuts
     D:8: 205 daAuts
    D:11: 8 daAuts
